 Dungeon Crawl Stone Soup version 0.31-a0-925-g0a390f2509 (webtiles) character file.

Game seed: 4039031553685754644

333 lunkers the Ruffian (level 7, -1/78 HPs)
             Began as a Meteoran Shapeshifter on Oct 18, 2023.
             Was a Follower of Okawaru.
             Slain by a gnoll
             ... wielding a +0 flail
              (5 damage)
             ... on level 4 of the Dungeon.
             The game lasted 00:03:30 (1140 turns).

lunkers the Ruffian (Meteoran Shapeshifter)         Turns: 1140, Time: 00:03:31

Health: -1/78      AC:  6    Str: 16    XL:     7   Next: 9%
Magic:  8/8        EV:  9    Int: 12    God:    Okawaru [*.....]
Gold:   178        SH:  0    Dex: 15    Spells: 6/6 levels left

rFire   . .          .
                       - Unarmed
rCold   . . .        (no shield)
rNeg    . . .        i - +1 steam dragon scales
rPois   .            (helmet currently unavailable)
rElec   .            (cloak currently unavailable)
rCorr   .            (gloves currently unavailable)
SInv    .            (boots currently unavailable)
Will    .....        (no amulet) Stlth
                     (no ring)
HPRegen 0.33/turn    (no ring)
MPRegen 0.11/turn

%: no passive effects
@: berserking (expiring), beast-form, glowing, constricted, very quick
A: beast (slay +3), sense surroundings 1, otherworldly, glowing, explore regen
a: Begin Untransformation, Renounce Religion, Heroism


You were on level 4 of the Dungeon.
You worshipped Okawaru.
Okawaru was aware of your devotion.
You were a hulking beast.
You visited 1 branch of the dungeon, and saw 4 of its levels.

You collected 178 gold pieces.

Inventory:

Armour
 i - +1 steam dragon scales (worn)
Talismans
 c - a beast talisman (active)
 d - a flux talisman
Scrolls
 b - a scroll of fog {unknown}
 e - a scroll of brand weapon
 f - a scroll of silence
Potions
 a - a potion of resistance {unknown}
 g - a potion of enlightenment {unknown}
 h - 2 potions of heal wounds
 j - a potion of magic {unknown}
 k - a potion of brilliance {unknown}
 l - a potion of lignification
 n - 3 potions of curing
 q - a potion of berserk rage


   Skills:
 - Level 1.1 Fighting
 - Level 2.1 Dodging
 * Level 7.2 Unarmed Combat
 + Level 5.4 Shapeshifting


You had 6 spell levels left.
You didn't know any spells.
Your spell library was empty.

Dungeon Overview and Level Annotations

Branches:
Dungeon (4/15) Zot: 1277
 Temple: D:4-7

Altars:
Okawaru
Uskayaw

Shops:
D:1 =!?(   D:2 [


Innate Abilities, Weirdness & Mutations

You are a hulking beast.
Your limbs bulge with bestial killing power. (Slay +3)
You passively map a small area around you.
You are easily found by Zot.
You glow in the dark.
You regain HP and MP as you explore.


Message History

The iguana attacks as it pursues you! The iguana closely misses you.
The iguana attacks as it pursues you!
The iguana bites you but does no damage.
The iguana attacks as it pursues you! The iguana bites you!
* * * LOW HITPOINT WARNING * * *
Okay, then.
A red film seems to cover your vision as you go berserk!
You feel yourself moving faster!
You feel mighty! The iguana misses you.
Unknown command.
You punch the iguana!
The iguana is almost dead.
The ball python barely misses you. The ball python grabs you.
The ball python constricts you.
You punch the iguana!
You kill the iguana!
Okawaru accepts your kill. The ball python bites you.
* * * LOW HITPOINT WARNING * * *
The ball python constricts you.
You punch the ball python!
You kill the ball python!
Unknown command.
The gnoll hits you from afar with a +0 halberd.
* * * LOW HITPOINT WARNING * * *
You see here an iguana corpse.
Unknown command.
You feel a strong urge to attack something.
The ball python bites you but does no damage.
The ball python closely misses you. The gnoll hits you but does no damage.
Unknown command.
You barely miss the gnoll. You punch the gnoll.
The gnoll is heavily wounded.
The gnoll barely misses you.
The ball python bites you but does no damage.
The ball python grabs you. The ball python constricts you.
Unknown command.
You completely miss the gnoll.
The gnoll is heavily wounded.
The gnoll hits you with a +0 flail.
You die...

.........##..........#######
,
.........###.#####.........#
* .........###.# #.........#
.........##..# ####......#
........(##K## ####.......#
#>.#####....# ###.)..#.....#
#. #...g###...####.....# .
#. ##.Sg....### ###### ,
#..###..h.#### #......g†##
...###....#
#......##########
#....#...##......#
...##.......<.....# ...#
########......##### ##. *
#..........# *# #..........#


You could see 3 gnolls, a ball python and a kobold.

Vanquished Creatures
  Sigmund (D:3)
  An iguana (D:4)
  An orc wizard (D:3)
  6 adders
  4 orcs (D:3)
  11 ball pythons
  2 bats
  2 endoplasms
  2 giant cockroaches
  4 goblins
  8 hobgoblins
  7 quokkas
  3 frilled lizards
  A kobold (D:1)
  3 rats
56 creatures vanquished.

Notes
Turn   | Place    | Note
-------+----------+-------------------------------------------
     0 | D:1      | lunkers the Meteoran Shapeshifter began the quest for the
                  | Orb.
     0 | D:1      | Reached XP level 1. HP: 16/16 MP: 2/2
    51 | D:1      | Found Koukkuev's Antique Weapon Emporium.
   105 | D:1      | Reached XP level 2. HP: 21/23 MP: 3/3
   115 | D:1      | Found Nyicrorou's Distillery.
   121 | D:1      | Reached skill level 4 in Unarmed Combat
   148 | D:1      | Found Amior's Magic Scroll Boutique.
   344 | D:1      | Found Eghoacvitee's Jewellery Shop.
   396 | D:2      | Found Tapouzoq's Armour Shop.
   402 | D:2      | Reached XP level 3. HP: 28/28 MP: 4/4
   446 | D:2      | Found a faded altar of an unknown god.
   465 | D:2      | Prayed at the altar of an unknown god.
   465 | D:2      | Became a worshipper of Warmaster Okawaru
   465 | D:2      | Reached * piety under Okawaru
   572 | D:2      | Found a hide-covered altar of Uskayaw.
   714 | D:2      | Reached skill level 5 in Unarmed Combat
   714 | D:2      | Reached XP level 4. HP: 32/35 MP: 5/5
   823 | D:3      | Reached XP level 5. HP: 40/40 MP: 6/6
   858 | D:3      | Noticed Sigmund
   880 | D:3      | Killed Sigmund
   881 | D:3      | Reached skill level 6 in Unarmed Combat
   881 | D:3      | Reached skill level 5 in Shapeshifting
   881 | D:3      | Reached XP level 6. HP: 47/47 MP: 7/7
   886 | D:3      | Reached skill level 7 in Unarmed Combat
   993 | D:3      | Reached XP level 7. HP: 48/52 MP: 8/8
  1140 | D:4      | Slain by a gnoll

Illustrated notes

Levels and vault maps discovered:
D:1:      scummos_arrival_checkerplants, layout_basic, serial_shops,
          nicolae_shop_window_shopping, nicolae_shop_industrial_runoff,
          nicolae_shop_waterfront, nicolae_shop_real_fake_doors, shop
D:2:      layout_loops_ring, basic_altar, serial_shops, nicolae_shop_scrapyard,
          basic_ecumenical_altar
D:3:      layout_basic, uniq_sigmund
D:4:      layout_rooms

Skill      XL: |  1  2  3  4  5  6 |
---------------+-------------------+-----
Unarmed Combat | 4 5 6 7 |  7.2
Shapeshifting  | 4 5 |  5.4
Fighting       | |  1.1
Dodging        | |  2.1

Action                     |  1- 3 |  4- 6 |  7- 9 || total
---------------------------+-------+-------+-------++-------
  Melee: Unarmed           |    84 |    74 |    11 ||   169
         Punch             |     1 |     1 |     2 ||     4
    Use: Scroll            |       |    11 |     1 ||    12
         Potion            |       |     1 |     1 ||     2
 Armour: Ring mail         |     3 |       |       ||     3
         Steam dragon scal |    32 |    28 |    23 ||    83
         Skin              |       |    42 |       ||    42
  Dodge: Dodged            |    46 |    48 |    16 ||   110

Table legend: (Time is in decaauts)
 A = Elapsed time spent in this place.
 B = Non-inter-level travel time spent in this place.
 C = Inter-level travel time spent in this place.
 D = Time resting spent in this place.
 E = Time spent auto-exploring this place.
 F = Levels seen in this place.
 G = Mean time per level.
                   A        B        C        D        E       F      G
               +--------+--------+--------+--------+--------+-----+--------+
         Total |   1122 |   1070 |     52 |      0 |    596 |   4 |  280.5 |
       Dungeon |   1122 |   1070 |     52 |      0 |    596 |   4 |  280.5 |
               +--------+--------+--------+--------+--------+-----+--------+

Top non-repeatable levels by time:
     D:1: 387 daAuts
     D:2: 345 daAuts
     D:3: 272 daAuts
     D:4: 116 daAuts
